 Dungeon Crawl Stone Soup version 0.29-a0-901-g46a8461d6a (webtiles) character file.

Game seed: 2999189394277297840

11064 Aviak the Protected (level 12, 0/110 HPs)
             Began as a Meteoran Cinder Acolyte on July 23, 2022.
             Was a Believer of Ignis.
             Slain by a komodo dragon (9 damage)
             ... while petrified by a basilisk
             ... on level 1 of the Lair of Beasts.
             The game lasted 00:20:00 (4555 turns).

Aviak the Protected (Meteoran Cinder Acolyte)       Turns: 4555, Time: 00:20:00

Health: 0/110      AC: 18    Str: 24    XL:     12   Next: 29%
Magic:  16/16      EV:  2    Int: 23    God:    Ignis [**....]
Gold:   403        SH:  0    Dex:  9    Spells: 9/15 levels left

rFire   + . .      SeeInvis +   o - +10 mace "Nehek" {drain, Fly Str+8}
rCold   . . .      Faith    .   (no shield)
rNeg    + + +      Spirit   .   k - +1 ring mail of Idealism {Regen+ Str-2 SInv Stlth+}
rPois   ∞          Reflect  .   n - +0 helmet
rElec   .          Harm     .   y - +0 cloak
rCorr   .          Rampage  .   h - +0 pair of gloves
Will    +....                   O - +0 pair of boots
Stlth   +.........              (no amulet)
HPRegen 1.08/turn               P - ring of poison resistance
MPRegen 0.15/turn               N - ring "Xokodwao" {AC+4 Int+3}

@: petrified, flying, glowing
A: sense surroundings 2, otherworldly, glowing, explore regen
a: Renounce Religion, Fiery Armour, Foxfire Swarm, Rising Flame


You were on level 1 of the Lair of Beasts.
You worshipped Ignis.
Ignis was pleased with you.
You visited 2 branches of the dungeon, and saw 10 of its levels.
You also visited: Bailey.

You collected 403 gold pieces.

Inventory:

Hand Weapons
 a - a +0 spear of flaming
 o - the +10 mace "Nehek" (weapon) {drain, Fly Str+8}
   (You took it off a kobold on level 3 of the Dungeon)

   A truly terrible weapon, it drains the life of any living foe it strikes.
   Str:       It affects your strength (+8).
   Fly:       It grants you flight.
Armour
 g - the +5 robe of the Pleiades {rPois rC+ Dex-5}
   (You found it on level 2 of the Dungeon)

   Dex:       It affects your dexterity (-5).
   rC:        It protects you from cold.
   rPois:     It protects you from poison.
 h - a +0 pair of gloves (worn)
 j - a +2 ring mail of cold resistance
 k - the +1 ring mail of Idealism (worn) {Regen+ Str-2 SInv Stlth+}
   (You found it on level 2 of the Dungeon)

   Str:       It affects your strength (-2).
   SInv:      It lets you see invisible.
   Regen:     It increases your rate of health regeneration.
   Stlth:     It makes you more stealthy.
 n - a +0 helmet (worn)
 y - a +0 cloak (worn)
 O - a +0 pair of boots (worn)
Jewellery
 f - a ring of wizardry
 q - a +6 ring of dexterity
 D - a +6 ring of intelligence
 M - a +6 ring of dexterity
 N - the ring "Xokodwao" (right hand) {AC+4 Int+3}
   (You acquired it on level 6 of the Dungeon)

   [ring of protection]

   AC:        It affects your AC (+4).
   Int:       It affects your intelligence (+3).
 P - a ring of poison resistance (left hand)
 Z - a ring of see invisible
Wands
 w - a wand of paralysis (6)
 B - a wand of iceblast (13)
Scrolls
 i - a scroll of identify
 p - a scroll of immolation
 r - 2 scrolls of enchant weapon
 s - a scroll of summoning {!r}
 t - 4 scrolls of teleportation
 u - a scroll of vulnerability {!r}
 v - a scroll of silence {unknown}
 x - 2 scrolls of poison {unknown}
 F - a scroll of noise {unknown}
 G - a scroll of fear {unknown}
 Q - a scroll of enchant armour {unknown}
Potions
 b - 2 potions of might {unknown}
 c - 2 potions of curing
 d - 5 potions of haste {unknown}
 e - a potion of attraction {unknown}
 l - a potion of berserk rage {unknown}
 m - 4 potions of heal wounds {unknown}
 z - 2 potions of mutation {unknown}
 A - 4 potions of degeneration {unknown}
 E - a potion of lignification {unknown}
 H - a potion of experience {unknown}
 I - 2 potions of resistance {unknown}
 J - a potion of brilliance {unknown}
 K - a potion of magic {unknown}
 L - a potion of cancellation {unknown}
Miscellaneous
 C - a condenser vane (inert)


   Skills:
 + Level 11.2 Fighting
 + Level 6.9 Maces & Flails
 - Level 10.3 Polearms
 + Level 11.4 Armour
 - Level 5.0 Dodging
 - Level 2.0 Spellcasting
 - Level 6.1 Summonings
 + Level 1.1 Transmutations
 - Level 4.1 Fire Magic


You had 9 spell levels left.
You knew the following spells:

 Your Spells              Type           Power      Damage    Failure   Level
a - Scorch                Fire           42%        2d7       4%          2
b - Call Imp              Summ           30%        N/A       2%          2
c - Wereblood             Tmut           7%         N/A       17%         2

Your spell library contained the following spells:

 Spells                   Type           Power      Damage    Failure   Level
 Magic Dart               Conj           8%         1d3       19%         1
 Slow                     Hex            8%         N/A       19%         1
 Searing Ray              Conj           4%         2d4       26%         2
 Sublimation of Blood     Necr           2%         N/A       26%         2
 Confusing Touch          Hex            2%         N/A       47%         3
 Mephitic Cloud           Conj/Pois/Air  2%         N/A       47%         3
 Vampiric Draining        Necr           2%         2d6       47%         3
 Fulminant Prism          Conj/Hex       1%         3d6       87%         4
 Summon Hydra             Summ           15%        N/A       100%        7


Dungeon Overview and Level Annotations

Branches:
Dungeon (9/15) Zot: 1228   Temple (0/1) D:4            Lair (1/5) D:9 Zot: 337
    Orc (0/2) D:9          Bailey (visited)

Altars:
Ashenzari
Elyvilon
Gozag
Sif Muna
Vehumet


Innate Abilities, Weirdness & Mutations

You passively map the area around you.
You are easily found by Zot.
You glow in the dark.
You regain HP and MP as you explore.


Message History

The komodo dragon bites you but does no damage.
Your magical contamination has completely faded away.
You have turned to stone.
You are engulfed in calcifying dust.
The basilisk gazes at you. You resist with almost no effort.
The catoblepas barely misses you. The komodo dragon bites you!
You are engulfed in calcifying dust.
The basilisk gazes at you. You resist with almost no effort.
The catoblepas gores you. The komodo dragon bites you.
You are engulfed in calcifying dust.
The basilisk gazes at you. You resist with almost no effort.
The catoblepas breathes a plume of calcifying dust at you.
The blast of calcifying dust hits you but does no damage.
The komodo dragon bites you. The basilisk bites you.
The catoblepas gores you but does no damage.
The komodo dragon bites you but does no damage.
The basilisk bites you.
The catoblepas gores you but does no damage.
The komodo dragon bites you!
* * * LOW HITPOINT WARNING * * *
The basilisk bites you but does no damage.
The catoblepas gores you!
* * * LOW HITPOINT WARNING * * *
The komodo dragon bites you!
* * * LOW HITPOINT WARNING * * *
The basilisk bites you.
* * * LOW HITPOINT WARNING * * *
The catoblepas gores you!
* * * LOW HITPOINT WARNING * * *
The komodo dragon bites you.
* * * LOW HITPOINT WARNING * * *
The basilisk bites you but does no damage.
The catoblepas gores you!!
* * * LOW HITPOINT WARNING * * *
The komodo dragon bites you!!
You die...

*, , *^##P.... .....####
*.......# ** ###
........######.....
...,#..##....##........
#.##....#.....##...... *
##.?...........####.... ,*
,#...8...8......#.###.## +
.#.....>.....#..+..#.### *
,.....8l@.8......†#..## #
,,,......Yl....#...##..####
** ..#.......#....##....##.
* *
*#....##.##....###..P.... *
##..........### ##>..#..
*#.##.....### #..#### * #..
##..#. ##..### , *#. *#...#
#...... * * * #.... #######


You could see a catoblepas (drained), a komodo dragon and a basilisk.

Vanquished Creatures
  A centaur warrior (D:8)
  A two-headed ogre (D:8)
  An orc knight (Bailey)
  A black mamba (Lair:1)
  3 elephants (Lair:1)
  A cane toad (Lair:1)
  Maggie (D:8)
  A rime drake (Lair:1)
  A troll (D:9)
  Grinder (D:5)
  6 yaks (D:9)
  A shadow (D:9)
  Grum (D:8)
  2 steam dragons
  4 water moccasins
  6 orc warriors
  A black bear (shapeshifter) (D:8)
  3 ice beasts
  5 black bears
  3 wolves (D:8)
  5 ogres
  2 centaurs
  4 kobold brigands
  A necrophage (D:6)
  3 scorpions
  A bullfrog (D:9)
  3 gnoll sergeants (D:9)
  14 wights
  An electric eel (D:8)
  6 howler monkeys
  A hound (D:6)
  4 orc priests
  4 jellies
  6 iguanas
  10 orc wizards
  Robin (D:3)
  20 gnolls
  9 adders
  2 white imps
  A dart slug (D:3)
  38 orcs
  5 ball pythons
  2 bats
  3 endoplasms (D:2)
  2 giant cockroaches
  11 goblins
  9 hobgoblins
  A quokka (D:4)
  3 frilled lizards
  9 kobolds
225 creatures vanquished.

Vanquished Creatures (others)
  24 foxfires
  18 fungi (D:3)
42 creatures vanquished.

Grand Total: 267 creatures vanquished

Notes
Turn   | Place    | Note
-------+----------+-------------------------------------------
     0 | D:1      | Aviak the Meteoran Cinder Acolyte began the quest for the
                  | Orb.
     0 | D:1      | Reached XP level 1. HP: 19/19 MP: 3/3
    40 | D:1      | Reached XP level 2. HP: 15/26 MP: 3/5
   178 | D:1      | Reached XP level 3. HP: 30/31 MP: 5/7
   196 | D:1      | Learned a level 2 spell: Scorch
   359 | D:2      | Identified the +5 robe of the Pleiades {rPois rC+ Dex-5}
   479 | D:2      | Identified the +1 ring mail of Idealism {Regen+ Str-2 SInv
                  | Stlth+}
   669 | D:2      | Reached skill level 1 in Dodging
   677 | D:2      | Reached XP level 4. HP: 40/40 MP: 8/8
   696 | D:3      | Noticed Robin
   727 | D:3      | Killed Robin
   728 | D:3      | Reached skill level 1 in Armour
   830 | D:3      | Found an opulent altar of Gozag.
   833 | D:3      | Identified the +10 mace "Nehek" {drain, Fly Str+8}
   845 | D:3      | Found a shimmering blue altar of Sif Muna.
   895 | D:4      | Noticed an ogre
   898 | D:4      | Reached XP level 5. HP: 46/46 MP: 9/9
   902 | D:4      | Killed an ogre
   903 | D:4      | Reached XP level 6. HP: 52/52 MP: 6/10
   938 | D:4      | Reached skill level 5 in Polearms
   965 | D:4      | Noticed an ogre
   973 | D:4      | Killed an ogre
   974 | D:4      | Reached XP level 7. HP: 41/60 MP: 6/11
   974 | D:4      | Found a staircase to the Ecumenical Temple.
   985 | D:4      | Reached skill level 5 in Fighting
  1105 | D:5      | Entered Level 5 of the Dungeon
  1249 | D:5      | Reached XP level 8. HP: 66/68 MP: 12/12
  1426 | D:5      | Noticed Grinder
  1435 | D:5      | Killed Grinder
  1436 | D:5      | Reached skill level 5 in Dodging
  1652 | D:6      | Reached skill level 5 in Armour
  1697 | D:6      | Gained mutation: You passively map the area around you.
                  | [Meteoran growth]
  1697 | D:6      | Reached XP level 9. HP: 62/77 MP: 13/13
  1829 | D:6      | Identified a scroll of acquirement
  1830 | D:6      | Acquired the ring "Xokodwao" {AC+4 Int+3}
  1993 | D:7      | Reached XP level 10. HP: 49/88 MP: 14/14
  2351 | D:8      | Found a radiant altar of Vehumet.
  2366 | D:8      | Found a broken altar of Ashenzari.
  2479 | D:8      | Noticed Grum
  2568 | D:8      | Killed Grum
  2615 | D:7      | Found a white marble altar of Elyvilon.
  2628 | D:8      | Noticed a two-headed ogre
  2632 | D:8      | Reached skill level 10 in Polearms
  2636 | D:8      | HP: 2/91 [two-headed ogre/+0 giant club (4)]
  2639 | D:8      | Killed a two-headed ogre
  2768 | D:8      | Learned a level 2 spell: Call Imp
  2779 | D:8      | Noticed a centaur warrior
  2785 | D:8      | Noticed Maggie
  2790 | D:8      | Killed a centaur warrior
  2791 | D:8      | Reached skill level 1 in Summonings
  2791 | D:8      | Reached XP level 11. HP: 19/99 MP: 15/15
  2798 | D:8      | Killed Maggie
  3241 | D:9      | Reached skill level 10 in Fighting
  3241 | D:9      | Reached skill level 10 in Armour
  3368 | D:9      | Found a flagged portal.
  3385 | Bailey   | Entered a bailey
  3555 | Bailey   | Noticed an orc knight
  3561 | Bailey   | Killed an orc knight
  3634 | D:9      | Found a staircase to the Lair.
  3887 | D:9      | Found a staircase to the Orcish Mines.
  4062 | D:9      | Reached skill level 5 in Maces & Flails
  4179 | D:9      | Reached skill level 5 in Summonings
  4299 | Lair:1   | Entered Level 1 of the Lair of Beasts
  4317 | Lair:1   | Reached XP level 12. HP: 99/108 MP: 16/16
  4487 | Lair:1   | Learned a level 2 spell: Wereblood
  4529 | Lair:1   | Reached skill level 1 in Transmutations
  4537 | Lair:1   | Noticed a catoblepas
  4555 | Lair:1   | Slain by a komodo dragon

Illustrated notes

Levels and vault maps discovered:
D:1:      dpeg_arrival_houses_and_road, layout_loops_ring
D:2:      layout_basic, chequers_ecumenical_altar_simple_redux
D:3:      layout_loops_cross, mainiacjoe_overflow_catch_the_wave,
          mainiacjoe_overflow_paths, minmay_shallow_snake_nest, uniq_robin,
          uniq_crazy_yiuf_cottage
D:4:      layout_rooms, minmay_temple_entry_butterflies, feat_on_display
D:5:      layout_basic, st_stairs_2, minmay_manual_macuahuitl, uniq_grinder
D:6:      layout_rooms, hangedman_minor_gate_pass
D:7:      layout_cave_pools, elyvilon_altar_4
D:8:      layout_basic, nicolae_overflow_squiral, minmay_misc_feat_room,
          minmay_radiant, uniq_maggie, uniq_grum
D:9:      layout_loops_ring, lair_entry_dummy,
          kennysheep_orc_monster_closet_entryway, lightli_bailey_entry_fortress
Lair:1:   layout_loops_ring, serial_bayou_shore_b, grunt_megastairs_2

Skill      XL: |  1  2  3  4  5  6  7  8  9 10 11 12 |
---------------+-------------------------------------+-----
Spellcasting   | 2 |  2.0
Fire Magic     | 4 |  4.1
Polearms       | 4 5 7 8 10 | 10.3
Dodging        | 1 2 3 4 5 |  5.0
Armour         | 1 2 3 5 7 9 11 | 11.4
Fighting       | 4 5 6 8 9 10 11 | 11.2
Maces & Flails | 2 6 |  6.9
Summonings     | 1 5 6 |  6.1
Transmutations | 1 |  1.1

Action                   |  1- 3 |  4- 6 |  7- 9 | 10-12 || total
-------------------------+-------+-------+-------+-------++-------
Melee: Spear             |    59 |    34 |       |       ||    93
       Mace              |       |    14 |   118 |   371 ||   503
       Punch             |       |       |       |     5 ||     5
 Cast: Scorch            |     5 |    13 |    16 |     6 ||    40
Invok: Fiery Armour      |       |     1 |     1 |     3 ||     5
       Foxfire Swarm     |       |       |       |     2 ||     2
Evoke: Wand              |       |       |       |     1 ||     1
       Condenser vane    |       |       |       |     1 ||     1
  Use: Scroll            |       |       |     6 |     2 ||     8
       Potion            |       |       |       |     4 ||     4
 Stab: Confused          |       |       |       |     1 ||     1
Armor: Robe              |    16 |       |       |       ||    16
       Ring mail         |     2 |    28 |   101 |   262 ||   393
Dodge: Dodged            |    21 |    22 |    77 |   271 ||   391

Table legend: (Time is in decaauts)
 A = Elapsed time spent in this place.
 B = Non-inter-level travel time spent in this place.
 C = Inter-level travel time spent in this place.
 D = Time resting spent in this place.
 E = Time spent auto-exploring this place.
 F = Levels seen in this place.
 G = Mean time per level.
                   A        B        C        D        E       F      G
               +--------+--------+--------+--------+--------+-----+--------+
         Total |   4682 |   4465 |    217 |    349 |   1613 |  11 |  425.6 |
       Dungeon |   4172 |   3955 |    217 |    349 |   1454 |   9 |  463.6 |
          Lair |    262 |    262 |      0 |      0 |    159 |   1 |  262.0 |
        Bailey |    248 |    248 |      0 |      0 |      0 |   1 |  248.0 |
               +--------+--------+--------+--------+--------+-----+--------+

Top non-repeatable levels by time:
     D:9: 974 daAuts
     D:8: 803 daAuts
     D:5: 541 daAuts
     D:6: 421 daAuts
     D:2: 348 daAuts
     D:7: 326 daAuts
     D:1: 324 daAuts
  Lair:1: 262 daAuts
  Bailey: 248 daAuts
     D:4: 222 daAuts
     D:3: 210 daAuts
